 Dungeon Crawl Stone Soup version 0.29-a0-418-gc0181ea820 (webtiles) character file.

Game seed: 400217523551024717

297 Sweetruy1997 the Slasher (level 6, 0/52 HPs)
             Began as a Demonspawn Chaos Knight on May 12, 2022.
             Was a Plaything of Xom.
             Succumbed to a scorpion's poison
             ... on level 4 of the Dungeon on May 17, 2022.
             The game lasted 00:10:31 (4292 turns).

Sweetruy1997 the Slasher (Demonspawn Chaos Knight)  Turns: 4292, Time: 00:10:32

Health: 0/52       AC:  3    Str: 17    XL:     6   Next: 12%
Magic:  0/6        EV: 11    Int: 13    God:    Xom [......]
Gold:   126        SH:  0    Dex: 12    Spells: 4/5 levels left

rFire   + . .      SeeInvis .   a - +0 falchion (chaos)
rCold   . . .      Faith    .   (no shield)
rNeg    . . .      Spirit   +   b - +2 leather armour
rPois   +          Reflect  .   (no helmet)
rElec   .          Harm     .   (no cloak)
rCorr   .          Rampage  .   (no gloves)
Will    .....                   (no boots)
Stlth   ++........              (no amulet)
HPRegen 0.17/turn               d - ring of poison resistance
MPRegen 0.20/turn               m - +6 ring of strength

@: lethally poisoned (0 -> -1), unable to read
A: ignite blood 1, magic shield, magic regeneration, deformed body, fire
resistance 1, robust 1, weak 2, inability to read while threatened
a: Renounce Religion


You were on level 4 of the Dungeon.
You worshipped Xom.
You were a very special plaything of Xom.
You visited 1 branch of the dungeon, and saw 4 of its levels.

You collected 126 gold pieces.

Inventory:

Hand Weapons
 a - a +0 falchion of chaos (weapon)
Armour
 b - a +2 leather armour (worn)
Jewellery
 d - a ring of poison resistance (left hand)
 m - a +6 ring of strength (right hand)
Scrolls
 f - a scroll of teleportation
 g - a scroll of identify
 k - a scroll of silence
Potions
 e - a potion of haste
Miscellaneous
 c - a piece from Xom's chessboard (5/15) (quivered)


   Skills:
 - Level 4.0 Fighting
 + Level 4.5 Long Blades
 - Level 2.0 Armour
 + Level 1.8 Dodging
 - Level 2.0 Stealth
 + Level 1.7 Evocations


You had 4 spell levels left.
You knew the following spells:

 Your Spells              Type           Power      Damage    Failure   Level
a - Slow                  Hex            0%         N/A       36%         1

Your spell library contained the following spells:

 Spells                   Type           Power      Damage    Failure   Level
 Confusing Touch          Hex            0%         N/A       73%         3
 Vampiric Draining        Necr           0%         2d6       73%         3


Dungeon Overview and Level Annotations

Branches:
Dungeon (4/15)
 Temple: D:4-7

Altars:
Hepliaklqana


Innate Abilities, Weirdness & Mutations

Your demonic aura sometimes causes spilled blood to erupt in flames.
When hurt, damage is shared between your health and your magic reserves.
You regenerate magic rapidly.
Armour fits poorly on your strangely shaped body.
Your flesh is heat resistant. (rF+)
You are robust. (+10% HP)
You are very weak. (Str -4)
You sometimes lose the ability to read scrolls when taking damage.


Message History

The scorpion is heavily wounded.
The scorpion stings you but does no damage.
The scorpion stings you.
You hit the scorpion but do no damage.
The scorpion is heavily wounded.
The scorpion stings you.
You are poisoned.
The scorpion poisons you!
You hit the scorpion but do no damage.
The scorpion is heavily wounded.
You feel sick.
The scorpion stings you but does no damage.
You hit the scorpion but do no damage.
The scorpion is poisoned.
The scorpion is heavily wounded.
You feel sick. The scorpion closely misses you.
You hit the scorpion but do no damage.
The scorpion is severely wounded.
You feel sick. The scorpion closely misses you. The scorpion stings you.
You feel threatened and lose the ability to read scrolls!
You hit the scorpion but do no damage.
The scorpion looks even sicker.
The scorpion is almost dead.
You feel sick. "Let's see if it's strong enough to survive yet."
You kill the scorpion!
Your piece from Xom's chessboard (5/15) has regained two charges.
You have reached level 6!
Your demonic ancestry asserts itself...
Your blood heats up.
You cannot read scrolls in your current state!
The ynoxinul attacks as you move away! The ynoxinul barely misses you.
You feel sick. The neqoxec closely misses you. The ynoxinul gestures at you.
The iron shot hits you!!
* * * LOW HITPOINT WARNING * * *
Unknown command.
You feel sick. The neqoxec barely misses you.
The neqoxec attacks as you move away! The neqoxec hits you!
* * * LOW HITPOINT WARNING * * *
You die...
Xom bursts into laughter!

...... ###.#..
#.....# #.....#
#####.....# ###
.......3..## #..
#....# ######..
###○...##.#.......
#@☼35.............
#.#....##.........
#.#....######....#
#.#....#########.#
..#...............
###...##.........#
#####...##.#########
#........†.....#
#.########.###.#


You could see a neqoxec (summoned) and an iron imp (summoned).

Vanquished Creatures
  A scorpion (D:4)
  3 orc priests
  Natasha (thrice) (D:2)
  An orc wizard (D:4)
  A dart slug (D:2)
  7 orcs
  6 ball pythons
  3 bats (D:2)
  2 endoplasms
  3 giant cockroaches
  5 hobgoblins
  A jackal (D:2)
  5 quokkas
  3 frilled lizards
  2 kobolds
  6 rats
52 creatures vanquished.

Notes
Turn   | Place    | Note
-------+----------+-------------------------------------------
     0 | D:1      | Sweetruy1997 the Demonspawn Chaos Knight began the quest
                  | for the Orb.
     0 | D:1      | Reached XP level 1. HP: 18/18 MP: 1/1
   107 | D:1      | XOM: silly message
   336 | D:1      | XOM: divination: detect creatures
   422 | D:1      | Found a faded altar of an unknown god.
   552 | D:1      | Gained mutation: You regenerate magic rapidly. [demonic
                  | ancestry]
   552 | D:1      | Reached XP level 2. HP: 24/24 MP: 2/2
   704 | D:2      | XOM: divination: detect items
   840 | D:2      | XOM: cloud trail
   894 | D:2      | Reached skill level 1 in Dodging
  1015 | D:2      | Noticed Natasha
  1025 | D:2      | Noticed a crimson imp
  1026 | D:2      | Killed Natasha
  1027 | D:2      | Reached skill level 1 in Stealth
  1027 | D:2      | Reached skill level 1 in Evocations
  1027 | D:2      | Reached XP level 3. HP: 9/29 MP: 3/3
  1034 | D:2      | XOM: divination: detect creatures
  1046 | D:2      | XOM: divination: detect creatures
  1249 | D:2      | XOM: silly message
  1639 | D:2      | XOM: silly message
  1814 | D:2      | XOM: silly message
  1833 | D:2      | Noticed Natasha
  1843 | D:2      | Killed Natasha
  1844 | D:2      | Gained mutation: When hurt, damage is shared between your
                  | health and your magic reserves. [demonic ancestry]
  1844 | D:2      | Reached XP level 4. HP: 35/36 MP: 4/4
  1858 | D:2      | XOM: silly message
  1920 | D:2      | Noticed Natasha
  1928 | D:2      | XOM: smoke on damage
  1943 | D:2      | Killed Natasha
  2198 | D:3      | Found a hazy altar of Hepliaklqana.
  2283 | D:3      | XOM: divination: magic mapping
  2356 | D:3      | XOM: silly message
  2437 | D:3      | Upgraded the game from 0.29-a0-398-ge13fd1374b to
                  | 0.29-a0-418-gc0181ea820
  2500 | D:3      | Reached XP level 5. HP: 37/42 MP: 5/5
  2533 | D:3      | XOM: potion effect (curing)
  2549 | D:3      | XOM: potion effect (berserk rage)
  2596 | D:2      | XOM: give mutations
  2596 | D:2      | Gained mutation: Your flesh is heat resistant. (rF+) [Xom's
                  | mischief]
  2596 | D:2      | Gained mutation: You are weak. (Str -2) [Xom's mischief]
  2596 | D:2      | Gained mutation: You sometimes lose the ability to read
                  | scrolls when taking damage. [Xom's mischief]
  3033 | D:3      | XOM: 5-stop teleportation journey
  3046 | D:3      | XOM: noise
  3244 | D:3      | XOM: give mutations
  3244 | D:3      | Gained mutation: You are very weak. (Str -4) [Xom's
                  | mischief]
  3244 | D:3      | Gained mutation: You are robust. (+10% HP) [Xom's mischief]
  3244 | D:3      | Gained mutation: Armour fits poorly on your strangely
                  | shaped body. [Xom's mischief]
  3318 | D:3      | Learned a level 1 spell: Slow
  3497 | D:3      | XOM: summons 3 hostile demons
  3498 | D:3      | Noticed a rust devil
  3855 | D:4      | HP: 1/46 [something (2)]
  3905 | D:4      | XOM: torment (10/46 hp)
  4289 | D:4      | XOM: summons 3 hostile demons
  4290 | D:4      | Gained mutation: Your demonic aura sometimes causes spilled
                  | blood to erupt in flames. [demonic ancestry]
  4290 | D:4      | Reached XP level 6. HP: 30/52 MP: 3/6
  4290 | D:4      | Noticed a ynoxinul
  4290 | D:4      | Noticed a neqoxec
  4292 | D:4      | HP: 1/52 [neqoxec[Xom] (8)]
  4292 | D:4      | Succumbed to a scorpion's poison

Illustrated notes

Levels and vault maps discovered:
D:1:      heliophobic_arrival_henge, layout_basic,
          hellmonk_ecumenical_altar_blasted
D:2:      layout_loops_ring, minmay_tetromino_i2, uniq_natasha
D:3:      mumra_celtic_spiral_tile, layout_loops_ring,
          mainiacjoe_overflow_cross_hatched, serial_rivers,
          chequers_serial_rivers_micro_c, chequers_serial_rivers_micro_d,
          chequers_serial_rivers_micro_c, chequers_serial_rivers_micro_d,
          chequers_serial_rivers_micro_a
D:4:      layout_basic, jmf_multi_god_temple2

Skill      XL: |  1  2  3  4  5 |
---------------+----------------+-----
Dodging        | 1 |  1.8
Long Blades    | 3 4 |  4.5
Stealth        | 1 2 |  2.0
Evocations     | 1 |  1.7
Armour         | 2 |  2.0
Fighting       | 4 |  4.0

Action                   |  1- 3 |  4- 6 || total
-------------------------+-------+-------++-------
Melee: Falchion          |    88 |    94 ||   182
       Punch             |     3 |     1 ||     4
Evoke: Piece from Xom's  |    17 |     7 ||    24
  Use: Potion            |     2 |     3 ||     5
       Scroll            |     1 |     5 ||     6
 Stab: Paralysed         |     7 |       ||     7
       Petrified         |     2 |       ||     2
       Sleeping          |       |     1 ||     1
Armor: Leather armour    |    25 |    21 ||    46
Dodge: Dodged            |    54 |    56 ||   110

Table legend: (Time is in decaauts)
 A = Elapsed time spent in this place.
 B = Non-inter-level travel time spent in this place.
 C = Inter-level travel time spent in this place.
 D = Time resting spent in this place.
 E = Time spent auto-exploring this place.
 F = Levels seen in this place.
 G = Mean time per level.
                   A        B        C        D        E       F      G
               +--------+--------+--------+--------+--------+-----+--------+
         Total |   4322 |   4157 |    165 |    685 |   2789 |   4 | 1080.5 |
       Dungeon |   4322 |   4157 |    165 |    685 |   2789 |   4 | 1080.5 |
               +--------+--------+--------+--------+--------+-----+--------+

Top non-repeatable levels by time:
     D:2: 1747 daAuts
     D:3: 1392 daAuts
     D:1: 694 daAuts
     D:4: 488 daAuts
